← All builds
Suicide front / Armada / Factory first / OBSERVED BUILD

Standard suicide front

Armada Suicide front build order · Supreme Isthmus

The role's baseline: Bot Lab at 0:21 then straight into reclaim-fed T1 bot production to contest the middle and hold until T2 arrives, with an Advanced Metal Extractor around 9:45.

#rush · 2028 distinct matches · 233 players · 72% of Armada Suicide front games · team won 59% of 2406 · Recently observed

HOW TO PLAY IT

Key timing: Bot Lab by 0:20

  1. Open with mex and lab-first to get Bot Lab up by 0:20.
  2. Expand mex and wind while lab pumps units toward middle.
  3. Push Sentry and early Rocketeer, Centurion to contest middle.
  4. Get T2 constructor out once Pond's boost lets you spare metal.
  5. Upgrade mex to Advanced Metal Extractor as you transition off T1 spam.

Phase by phase

TYPICAL OF ITS 2028 GAMES
  1. 1
  2. 2
  3. 3
PLAY THE OPENING

Follow the example game's first 6:00 step by step: what to build now, what comes next, and where it goes. At 1× it keeps pace with your own game.

  1. 1

    Bot Lab first

    Order
    1. Bot LabBot Lab done ~0:24, middle half 0:20–0:33

    Some games also: mex (44%)

  2. 2

    Bot Lab to 5:00

    Economy
    • Metal Extractor5Mex
    • Wind Turbine4Wind
    Builders
    • Construction Bot3 Con bot
    • Lazarus2 Lazarus
    Army
    • Sentry4 Sentry
    • Rocketeer16 Rocketeer
    • Tick2 Tick
    • Centurion1 Centurion
    Other
    • Radar Tower1 Radar Tower

    Some games also: pawn (38%) · con turret (34%)

    By 5:00 in all: 5 mex · 4 wind

    The example game in this phase · 32 steps
    1. TickTick ×2
    2. LazarusLazarus
    3. Wind
    4. LazarusLazarus
    5. PawnPawn ×4
    6. Mex
    7. PawnPawn
    8. Construction BotCon bot
    9. Mex
    10. RocketeerRocketeer
    11. SentrySentry
    12. RocketeerRocketeer
    13. SentrySentry
    14. RocketeerRocketeer ×2
    15. SentrySentry
    16. RocketeerRocketeer
    17. Radar TowerRadar Tower
    18. Construction BotCon bot
    19. RocketeerRocketeer
    20. Mex
    21. RocketeerRocketeer
    22. SentrySentry
    23. RocketeerRocketeer ×2
    24. Wind
    25. Mex
    26. RocketeerRocketeer
    27. GruntGrunt
    28. SentrySentry
    29. Wind
    30. RocketeerRocketeer
    31. SentrySentry
    32. Wind ×2
  3. 3

    5:00 to 10:00

    Economy
    • Metal Extractor1Mex
    • Wind Turbine15Wind
    Builders
    • Construction Turret2 Con turret
    • Lazarus2 Lazarus
    • Construction Bot1 Con bot
    Army
    • Sentry1 Sentry
    • Rocketeer8 Rocketeer

    Some games also: pawn (49%) · Radar Tower (46%) · tick (45%) · centurion (44%) · energy storage (42%) · eat Bot Lab (31%)

    By 10:00 in all: 6 mex · 21 wind · 1 energy storage · 2 con turret

    The example game in this phase · 150 steps
    1. CenturionCenturion
    2. GuardGuard
    3. Wind
    4. GruntGrunt
    5. CenturionCenturion
    6. Con turret
    7. RocketeerRocketeer
    8. GruntGrunt
    9. Radar TowerRadar Tower
    10. MaceMace
    11. GruntGrunt
    12. Wind
    13. MaceMace ×2
    14. Wind
    15. MaceMace
    16. Wind
    17. AnemoneAnemone
    18. MaceMace
    19. Wind ×2
    20. MaceMace
    21. Sneaky PeteSneaky Pete
    22. MaceMace
    23. SentrySentry
    24. Wind
    25. MaceMace
    26. Wind
    27. MaceMace ×2
    28. Wind
    29. TickTick
    30. Wind
    31. PawnPawn
    32. Con turret
    33. Naval Radar / Sonar TowerNaval Radar / Sonar Tower
    34. PawnPawn
    35. Wind
    36. LazarusLazarus
    37. Wind
    38. LazarusLazarus
    39. Wind
    40. LazarusLazarus
    41. PawnPawn
    42. Wind
    43. TickTick
    44. PawnPawn
    45. Wind
    46. TickTick
    47. SupporterGunboat
    48. Wind
    49. PawnPawn ×2
    50. Wind
    51. TickTick ×2
    52. Wind
    53. PawnPawn
    54. MaceMace
    55. Con turret
    56. MaceMace
    57. Wind
    58. PawnPawn
    59. MaceMace
    60. TickTick ×2
    61. Wind
    62. MaceMace
    63. PawnPawn
    64. Wind
    65. PawnPawn
    66. Wind
    67. MaceMace ×2
    68. TickTick ×2
    69. Wind
    70. PawnPawn
    71. AggravatorAggravator
    72. Wind
    73. PawnPawn
    74. AggravatorAggravator
    75. RocketeerRocketeer
    76. TickTick
    77. Wind
    78. TickTick
    79. PawnPawn
    80. Wind
    81. RocketeerRocketeer
    82. PawnPawn
    83. Wind
    84. TickTick
    85. AggravatorAggravator ×2
    86. TickTick
    87. PawnPawn
    88. Wind
    89. MaceMace
    90. PawnPawn
    91. MaceMace
    92. TickTick
    93. Mex
    94. TickTick
    95. AggravatorAggravator
    96. PawnPawn ×2
    97. Wind
    98. TickTick ×2
    99. Wind
    100. ThugThug
    101. PawnPawn
    102. Wind
    103. PawnPawn
    104. MaceMace
    105. Wind
    106. TickTick
    107. Wind
    108. TickTick
    109. AggravatorAggravator
    110. PawnPawn
    111. MaceMace
    112. PawnPawn
    113. LazarusLazarus ×4
    114. TickTick ×2
    115. PawnPawn ×2
    116. TickTick
    117. LazarusLazarus
    118. TickTick ×2
    119. AnemoneAnemone
    120. PawnPawn
    121. TickTick ×2
    122. PawnPawn
    123. AnemoneAnemone
    124. TickTick ×2
    125. PawnPawn
    126. TickTick
    127. AnemoneAnemone
    128. TickTick
    129. PawnPawn
    130. TickTick ×2
    131. PawnPawn
    132. TickTick ×2
    133. PawnPawn
    134. TickTick
    135. LazarusLazarus ×2
    136. OverwatchOverwatch
    137. LazarusLazarus
    138. TickTick
    139. LazarusLazarus ×2
    140. TickTick
    141. Advanced Bot LabAdvanced Bot Labdone 14:54
    142. PawnPawn
    143. LazarusLazarus
    144. PawnPawn
    145. LazarusLazarus
    146. HarpoonHarpoon
    147. Bot LabEat Bot Labreclaimed for its metal
    148. Mex ×2
    149. Naval Radar / Sonar TowerNaval Radar / Sonar Tower
    150. Advanced Construction BotT2 con bot

Counts are medians over the build's games: half of them build more, half fewer. The example game is LLT's (34 OS, 18/09/2026); pick another.

Team trades

IN AT LEAST 30% OF ITS GAMES

You hand over

Nothing regular.

You get

  • Tidal Generator4 Tidal from Pondfirst at 0:10 · in 68% of games
  • Advanced Construction Bot1 T2 con bot from Geo or Techfirst at 7:41 · in 57% of games

How it plays out

Typical game of this build, running totals by minute

Metal produced

010k20k
0:005:0010:0015:00

metal

Enemy metal destroyed

05k10k
0:005:0010:0015:00

metal

Own metal lost

05k10k
0:005:0010:0015:00

metal

2406 games.

Show as table
ByMetal produced: This buildEnemy metal destroyed: This buildOwn metal lost: This build
1:0023000
2:0088700
3:002008184130
4:003109645501
5:00418413531000
6:00534721831707
7:00654330512589
8:00776039363499
9:00904646894375
10:001041253125161
11:001188958585966
12:001357864076686
13:001539668767455
14:001729675048213
15:001925281069007
WHAT THE NUMBERS SAY

Standard Suicide front play wins a bit over half its games while taking the heaviest own losses of any role by 15:00.

  • + Produces 20142 metal by 15:00, highest of the front roles.
  • + First kill by 2:01 in all games, fastest contest of middle.
  • − Own metal lost hits 9178 by 15:00, more than enemy metal destroyed.
  • − Only 34% Rocketeer share shows army spread thin across many bot types.
THE EXAMPLE YOU ARE READING

LLT

34.1 OS · 18/09/2026

Open source match ↗

4 received units
417 metal received · 10025 energy received

Allied construction assistance is unknown. Timings are observations, not a promise of solo reproducibility.

Typical milestones

Bot Lab0:24Middle 50%: 0:20–0:33 · n=2398
Advanced Metal Extractor9:46Middle 50%: 8:50–10:58 · n=1738

Played most by

_X_262games of this buildPlatinumBlonde188games of this buildXad166games of this buildTrapCaT109games of this buildSoliloqueur81games of this build